 Dungeon Crawl Stone Soup version 0.28.0-53-g5a82cb258f (webtiles) character file.

Game seed: 3143749036930278330

89 SanguineChosen the Chopper (level 4, -1/41 HPs)
             Began as a Minotaur Berserker on Aug 3, 2022.
             Was a Believer of Trog.
             Slain by a gnoll
             ... wielding a +0 spear
              (8 damage)
             ... on level 3 of the Dungeon.
             The game lasted 00:04:31 (1441 turns).

SanguineChosen the Chopper (Minotaur Berserker)     Turns: 1441, Time: 00:04:32

Health: -1/41      AC:  9    Str: 24    XL:     4   Next: 31%
Magic:  3/3        EV:  8    Int:  4    God:    Trog [**....]
Gold:   22         SH:  0    Dex:  9    Spells: 3/3 levels left

rFire   . . .      SeeInvis .   a - +0 hand axe
rCold   . . .      Faith    .   (no shield)
rNeg    . . .      Spirit   .   g - +0 chain mail
rPois   .          Reflect  .   (helmet restricted)
rElec   .          Harm     .   (no cloak)
rCorr   .          Rampage  .   (no gloves)
Will    .....                   (no boots)
Stlth   ..........              (no amulet)
HPRegen 0.13/turn               (no ring)
MPRegen 0.08/turn               (no ring)

@: no status effects
A: horns 2, retaliatory headbutt
a: Renounce Religion, Berserk, Trog's Hand


You were on level 3 of the Dungeon.
You worshipped Trog.
Trog was pleased with you.
You visited 1 branch of the dungeon, and saw 3 of its levels.

You collected 58 gold pieces.
You spent 36 gold pieces at shops.

Inventory:

Hand Weapons
 a - a +0 hand axe (weapon)
Missiles
 e - 3 poisoned darts (quivered)
Armour
 g - a +0 chain mail (worn)
Scrolls
 d - 2 scrolls of enchant weapon
 f - a scroll of immolation {unknown}
 h - a scroll of silence {unknown}
Potions
 b - a potion of might
 c - a potion of curing {unknown}


   Skills:
 + Level 4.5 Fighting
 + Level 4.9 Axes
 + Level 3.2 Armour
 + Level 2.6 Dodging


You had 3 spell levels left.
You didn't know any spells.
Your spell library was empty.

Dungeon Overview and Level Annotations

Branches:
Dungeon (3/15)

Altars:

Shops:
D:2 *


Innate Abilities, Weirdness & Mutations

You have a pair of horns on your head.
You reflexively headbutt those who attack you in melee.


Message History

You closely miss the goblin. Your headbutt misses the goblin.
The goblin hits you but does no damage.
The gnoll hits you from afar with a +0 spear.
The goblin hits you but does no damage.
You barely miss the goblin. The gnoll hits you but does no damage.
The goblin hits you with a +0 dagger.
You slash the goblin!
You kill the goblin!
Trog accepts your kill. The gnoll hits you but does no damage.
The hobgoblin hits you.
* * * LOW HITPOINT WARNING * * *
You hit the hobgoblin.
The hobgoblin is almost dead.
The gnoll barely misses you.
The hobgoblin hits you but does no damage.
You closely miss the hobgoblin.
The hobgoblin is almost dead.
The gnoll hits you but does no damage.
The hobgoblin hits you but does no damage.
You barely miss the hobgoblin.
The hobgoblin is almost dead.
The hobgoblin no longer looks unusually strong.
The gnoll hits you but does no damage. The hobgoblin barely misses you.
You hit the hobgoblin.
You kill the hobgoblin!
Trog accepts your kill. The gnoll barely misses you.
The gnoll hits you but does no damage. The gnoll closely misses you.
Things that are here:
a +0 dagger; a hobgoblin corpse; a goblin corpse You hit the gnoll but do no damage.
Your headbutt misses the gnoll. The gnoll closely misses you.
You hit the gnoll.
The gnoll is lightly wounded.
The gnoll hits you with a +0 spear.
* * * LOW HITPOINT WARNING * * *
You hit the gnoll.
The gnoll is heavily wounded.
The gnoll hits you with a +0 spear!
You die...

#.##..# #.#...#
###.....### #
#.......... ###.
#.#.....###
.....##.†)).....#
#...)$.).....#
####.g)).....#
#@#....####
#####.#.......
#.#####.....##...###
........##### ##.#
...###.<.# .#
#............. ?.
.[.###...###### # #
##.## ..#


You could see a gnoll.

Vanquished Creatures
  Jessica (D:2)
  Robin (D:3)
  An adder (D:2)
  A worm (D:2)
  2 bats (D:1)
  2 endoplasms (D:1)
  2 giant cockroaches (D:1)
  9 goblins
  7 hobgoblins
  2 kobolds (D:1)
  A quokka (D:1)
  2 frilled lizards
  8 rats
39 creatures vanquished.

Notes
Turn   | Place    | Note
-------+----------+-------------------------------------------
     0 | D:1      | SanguineChosen the Minotaur Berserker began the quest for
                  | the Orb.
     0 | D:1      | Reached XP level 1. HP: 19/19 MP: 0/0
   286 | D:1      | Reached XP level 2. HP: 27/27 MP: 1/1
   705 | D:1      | Found a faded altar of an unknown god.
   860 | D:2      | Found Jonyene's Assorted Antiques.
   867 | D:2      | Reached XP level 3. HP: 33/33 MP: 2/2
   888 | D:2      | Bought a scroll of identify for 36 gold pieces
  1050 | D:2      | Reached ** piety under Trog
  1196 | D:2      | Noticed Jessica
  1205 | D:2      | Killed Jessica
  1415 | D:3      | Noticed Robin
  1424 | D:3      | Reached XP level 4. HP: 25/41 MP: 3/3
  1425 | D:3      | Killed Robin
  1441 | D:3      | Slain by a gnoll

Illustrated notes

Levels and vault maps discovered:
D:1:      dpeg_arrival_tiny_c, layout_basic,
          shapermc_ecumenical_altar_mp_urbaneastern,
          chequers_serial_rivers_micro_d
D:2:      layout_rooms, serial_shops, shop_fountains, uniq_jessica
D:3:      corexii_shack_village, layout_loops_ring, lemuel_tele_altar,
          portal_sewer_entry_c, eino_curves_04, chequers_garden, uniq_robin

Skill      XL: |  1  2  3 |
---------------+----------+-----
Axes           | 4 |  4.9
Fighting       | 4 |  4.5
Armour         | 3 |  3.2
Dodging        | |  2.6

Action                   |  1- 3 |  4- 6 || total
-------------------------+-------+-------++-------
Melee: Hand axe          |    59 |    14 ||    73
       Headbutt          |     9 |     2 ||    11
  Use: Scroll            |     3 |       ||     3
Armor: Animal skin       |     2 |       ||     2
       Chain mail        |    21 |    16 ||    37
Dodge: Dodged            |    33 |     8 ||    41
